 Dungeon Crawl Stone Soup version 0.23-a0-667-gc184e93 (webtiles) character file.

829 Geeful the Chiller (level 7, -4/46 HPs)
             Began as an Octopode Ice Elementalist on Jan 8, 2019.
             Slain by Pikel
             ... wielding a +2 whip of freezing
              (9 damage)
             ... on level 5 of the Dungeon.
             The game lasted 00:30:26 (6166 turns).

Geeful the Chiller (Octopode Ice Elementalist)      Turns: 6166, Time: 00:30:27

Health: -4/46      AC:  7    Str:  7    XL:     7   Next: 97%
Magic:  9/13       EV: 19    Int: 19    God:
Gold:   256        SH:  0    Dex: 13    Spells: 7/14 levels left

rFire    + . .     SeeInvis .   h - +4 trident (venom)
rCold    . . .     Gourm    .   (no shield)
rNeg     . . .     Faith    .   (helmet restricted)
rPois    .         Spirit   .   (no amulet)
rElec    .         Reflect  .   i - ring of flight
rCorr    .         Harm     .   m - ring of protection from fire
MR       .....                  s - +4 ring of evasion (curse)
Stlth    ++++......             (no ring)
HPRegen  0.15/turn              (no ring)
MPRegen  0.13/turn              (no ring)
                                (no ring)
                                (no ring)

@: icy armour, hasted, very quick
A: almost no armour, stealthy swim, amphibious, 8 rings, constrict 8, camouflage
1, gelatinous body 1
a: Evoke Flight


You were on level 5 of the Dungeon.
You were not hungry.

You visited 1 branch of the dungeon, and saw 5 of its levels.

You collected 256 gold pieces.

Inventory:

Hand Weapons
 h - a +4 trident of venom (weapon)
 l - a +0 dagger
 p - a +1 halberd of chopping
Missiles
 j - 63 poisoned needles
 r - 4 javelins (quivered)
Armour
 v - a +0 large shield
Jewellery
 i - a ring of flight (left tentacle)
 m - a ring of protection from fire (right tentacle)
 s - a cursed +4 ring of evasion (on tentacle)
Scrolls
 c - 5 scrolls of teleportation
 g - a scroll of noise
 k - 2 scrolls of amnesia
 n - 2 scrolls of remove curse
 w - a scroll of fear
Potions
 a - a potion of haste
 d - 4 potions of curing
 e - 2 potions of lignification
 o - a potion of brilliance {unknown}
 q - a potion of resistance
 t - 2 potions of flight {unknown}
 u - a potion of degeneration {unknown}
 x - a potion of cancellation {unknown}
Comestibles
 b - 7 rations
 f - a chunk of flesh


   Skills:
 + Level 3.0 Fighting
 + Level 4.7 Dodging
 - Level 4.7 Stealth
 + Level 4.3 Spellcasting
 - Level 1.0 Conjurations
 + Level 5.2 Ice Magic


You had 7 spell levels left.
You knew the following spells:

 Your Spells              Type           Power        Failure   Level  Hunger
a - Freeze                Ice            ###.         1%          1    None
b - Ozocubu's Armour      Chrm/Ice       ##......     14%         3    ###....
c - Throw Frost           Conj/Ice       ###...       5%          2    #......
d - Confusing Touch       Hex            #.....       13%         1    None

Your spell library contained the following spells:

 Spells                   Type           Power        Failure   Level  Hunger
 Animate Skeleton         Necr           N/A          13%         1    None
 Apportation              Tloc           #.....       13%         1    None
 Summon Small Mammal      Summ           #...         13%         1    None
 Throw Icicle             Conj/Ice       ###.....     36%         4    ####...
 Summon Ice Beast         Ice/Summ       ##......     41%         4    ####...


Dungeon Overview and Level Annotations

Branches:
Dungeon (5/15)
 Temple: D:4-7

Altars:
The Shining One

Shops:
D:4 [

Annotations:
D:4 1 runed door
D:5 Pikel


Innate Abilities, Weirdness & Mutations

You cannot wear most types of armour.
You are very stealthy in the water. (Stealth+)
You are amphibious.
You can wear up to eight rings at the same time.
You can use your tentacles to constrict eight enemies at once.
Your skin changes colour to match your surroundings (Stealth+).
Your rubbery body absorbs attacks. (AC +1, EV +1)


Message History

You hit Pikel.
Pikel is poisoned.
Pikel is moderately wounded.
You constrict Pikel. Pikel completely misses you. The slave closely misses you.
The slave barely misses you.
You hit Pikel.
Pikel looks as sick as possible!
You squeeze Pikel, but do no damage.
Pikel is heavily wounded.
You constrict Pikel. Pikel completely misses you. The slave hits you.
* * * LOW HITPOINT WARNING * * *
The slave hits you but does no damage.
Casting: Ozocubu's Armour (safe; 14% risk of failure)
Confirm with . or Enter, or press ? or * to list all spells.
Aiming: Freeze (safe; 1% risk of failure)
Press: ? - help, Shift-Dir - straight line, f - Pikel
Aim: Pikel, wielding a +2 whip of freezing, wearing a +2 robe of resistance and You freeze Pikel.
Pikel resists.
Pikel is severely wounded.
You constrict Pikel.
Pikel hits you with a +2 whip of freezing!
You die...

...#....# #.....#..##....#
...#....# #.....#..##....#
...#....# #.....#...#a...#.W.
...'....# #.....#p..#....#...
...#....#######.....'...#....#...
..##................#####....#...
..######........p.......#....#...
.......#.......#p###....#....#...
.......#.......#@p.#....#....#...
.......#.......#K..#....#....#...
.......+.......+...+....#....#...
..######.......#.[.#....# #...
..###..#.......#...#....# #...
.......#.......#...#....#.. #(..
.......#.......#...#....#.p.#####
.[.....'......)##+##....#........
..###..#................#...a....


You could see Pikel and 3 slaves.

Vanquished Creatures
  Edmund (D:4)
  A slave (D:5)
  A centaur (D:5)
  An ogre (D:4)
  2 scorpions (D:5)
  A centaur zombie (D:5)
  A bullfrog zombie (D:5)
  A jelly (D:5)
  An orc priest (D:3)
  A hound (D:4)
  An iguana (D:5)
  A bullfrog skeleton (D:4)
  2 worker ants
  4 gnolls
  6 adders
  2 oozes (D:3)
  An adder skeleton (D:4)
  3 worms
  A dart slug (D:3)
  4 leopard geckos
  3 orcs (D:3)
  2 ball pythons (D:3)
  2 giant cockroaches
  3 goblins
  4 hobgoblins
  15 jackals
  2 quokkas
  A ball python skeleton (D:4)
  10 bats
  3 frilled lizards
  9 kobolds
  3 rats
93 creatures vanquished.

Notes
Turn   | Place    | Note
-------+----------+-------------------------------------------
     0 | D:1      | Geeful the Octopode Ice Elementalist began the quest for
                  | the Orb.
     0 | D:1      | Reached XP level 1. HP: 11/11 MP: 3/3
   195 | D:1      | Reached XP level 2. HP: 7/17 MP: 0/5
  1324 | D:2      | Reached XP level 3. HP: 13/21 MP: 0/6
  1935 | D:2      | Learned a level 3 spell: Ozocubu's Armour
  1938 | D:2      | Learned a level 2 spell: Throw Frost
  2073 | D:2      | Reached XP level 4. HP: 17/27 MP: 0/7
  2790 | D:2      | Reached XP level 5. HP: 3/31 MP: 2/9
  3419 | D:3      | Reached skill level 4 in Ice Magic
  3958 | D:4      | Found a glowing golden altar of the Shining One.
  3958 | D:4      | Noticed an angel
  3958 | D:4      | Noticed a phantom
  4082 | D:4      | Reached XP level 6. HP: 17/37 MP: 6/10
  4388 | D:4      | Reached skill level 1 in Fighting
  4486 | D:4      | Found Batzukhl Sida's Antique Armour Emporium.
  4505 | D:4      | Learned a level 1 spell: Confusing Touch
  4667 | D:4      | Found a runed door.
  4893 | D:4      | Noticed Edmund
  4975 | D:4      | Found a glowing golden altar of the Shining One.
  5137 | D:4      | Killed Edmund
  5137 | D:4      | Reached XP level 7. HP: 41/45 MP: 3/12
  5250 | D:5      | Entered Level 5 of the Dungeon
  5764 | D:5      | Reached skill level 5 in Ice Magic
  6047 | D:5      | Noticed Pikel
  6166 | D:5      | Slain by Pikel

Vault maps used:
D:1:      wander_arrival_desolate, chequers_serial_rivers_room_a,
          minmay_misc_feat_columns
D:2:      item_on_display_a
D:4:      minmay_general_purpose_star, lemuel_round_altar, first_ration,
          serial_shops, shop, lemuel_angel_altar, uniq_edmund
D:5:      uniq_pikel, uniq_ijyb

Skill      XL: |  1  2  3  4  5  6  7 |
---------------+----------------------+-----
Stealth        | 3 4 |  4.7
Dodging        | 3 4 |  4.7
Spellcasting   | 3 4 |  4.3
Ice Magic      | 4 5 |  5.2
Fighting       | 2 3 |  3.0
Conjurations   | |  1.0

Action                   |  1- 3 |  4- 6 |  7- 9 || total
-------------------------+-------+-------+-------++-------
Melee: Unarmed           |     3 |       |       ||     3
       Constrict         |    15 |    15 |     4 ||    34
       Tentacles         |     5 |     7 |     7 ||    19
       Dagger            |    38 |    17 |       ||    55
       Trident           |       |    63 |    44 ||   107
Throw: Stone             |    27 |       |       ||    27
 Cast: Freeze            |    35 |    34 |    12 ||    81
       Ozocubu's Armour  |     1 |     7 |     6 ||    14
       Throw Frost       |       |     8 |     3 ||    11
       Confusing Touch   |       |     1 |       ||     1
  Use: Scroll            |     9 |     5 |     3 ||    17
       Potion            |       |     1 |     2 ||     3
 Stab: Sleeping          |     7 |    14 |     4 ||    25
       Confused          |       |     3 |       ||     3
  Eat: Chunk             |     4 |     7 |     1 ||    12
       Ration            |       |     1 |     1 ||     2
Armor: Skin              |     2 |     4 |     4 ||    10
Dodge: Dodged            |    37 |    54 |    51 ||   142

Table legend:
 A = Non-vault XP
 B = Vault XP
 C = Vault XP percentage of total XP
 D = Non-vault monster count
 E = Vault monster count
 F = Vault count percentage of total count
                 A         B        C        D         E       F
            +---------+---------+-------+---------+---------+-------
      Total |    1031 |     154 |  13.0 |      91 |       1 |   1.1
            +---------+---------+-------+---------+---------+-------
        D:1 |      25 |       0 |   0.0 |      15 |       0 |   0.0
        D:2 |      90 |       0 |   0.0 |      27 |       0 |   0.0
        D:3 |     169 |       0 |   0.0 |      29 |       0 |   0.0
        D:4 |     256 |     154 |  37.6 |       9 |       1 |  10.0
        D:5 |     491 |       0 |   0.0 |      11 |       0 |   0.0
            +---------+---------+-------+---------+---------+-------
